 Dungeon Crawl Stone Soup version 0.26-a0-259-g1effd001a9 (webtiles) character file.

Game seed: 16646994174069060197

10451 drasked the Destroyer (level 11, -2/81 HPs)
             Began as a Deep Elf Fire Elementalist on July 14, 2020.
             Was a Priest of Vehumet.
             Succumbed to a killer bee's poison
             ... on level 1 of the Lair of Beasts.
             The game lasted 00:41:25 (16955 turns).

drasked the Destroyer (Deep Elf Fire Elementalist) Turns: 16955, Time: 00:41:25

Health: -2/81      AC: 25    Str:  5    XL:     11   Next: 36%
Magic:  3/19       EV:  2    Int: 24    God:    Vehumet [***...]
Gold:   611        SH:  0    Dex: 15    Spells: 7/18 levels left

rFire    . . .     SeeInvis .   x - +0 whip (flame)
rCold    + . .     Faith    .   (no shield)
rNeg     + + +     Spirit   .   (armour currently unavailable)
rPois    +         Reflect  .   (helmet currently unavailable)
rElec    .         Harm     .   (cloak currently unavailable)
rCorr    .         NoTele   +   (gloves currently unavailable)
MR       +....                  (boots currently unavailable)
Stlth    ++........             (no amulet)
HPRegen  0.23/turn              h - ring of wizardry {Wiz+, !dWiz+}
MPRegen  0.16/turn              I - ring of protection from cold {rC+, !d}

@: lethally poisoned (-2 -> -41), tree-form
A: no striking features
a: Renounce Religion


You were on level 1 of the Lair of Beasts.
You worshipped Vehumet.
Vehumet was most pleased with you.
You were not hungry.
You were a tree.
You visited 3 branches of the dungeon, and saw 12 of its levels.

You collected 611 gold pieces.

Inventory:

Hand Weapons
 x - a +0 whip of flaming (weapon)
   (You took it off Pikel on level 6 of the Dungeon)
Missiles
 f - 23 poisoned darts (quivered)
 l - 4 atropa-tipped darts
Armour
 j - a +0 pair of gloves (melded)
   (You found it on level 2 of the Dungeon)
 y - a cursed +1 robe (melded)
   (You found it on level 7 of the Dungeon)
Jewellery
 h - a ring of wizardry (left branch) {Wiz+, !dWiz+}
   (You found it on level 5 of the Dungeon)
 I - a ring of protection from cold (right branch) {rC+, !d}
   (You found it on level 1 of the Lair of Beasts)
Wands
 o - a wand of flame (23)
   (You found it on level 3 of the Dungeon)
 F - a wand of clouds (3)
   (You found it on level 10 of the Dungeon)
Scrolls
 b - a scroll of blinking {unknown}
 i - a scroll of identify
 n - 2 scrolls of magic mapping {unknown}
 p - 3 scrolls of enchant armour
 r - 2 scrolls of amnesia {unknown}
 t - 5 scrolls of teleportation
 u - 3 scrolls of fear {unknown}
 v - a scroll of enchant weapon {unknown}
 w - 4 scrolls of remove curse
 E - a scroll of immolation {unknown}
Potions
 a - 3 potions of flight
 c - a potion of haste {unknown}
 d - 4 potions of might
 g - a potion of lignification {!q!q}
 k - a potion of resistance {unknown}
 m - 2 potions of brilliance
 s - 2 potions of berserk rage {!q!q}
 z - a potion of degeneration {unknown}
 A - a potion of stabbing
 B - a potion of heal wounds {unknown}
 C - a potion of mutation {unknown}
 D - a potion of cancellation
Comestibles
 e - 24 rations


   Skills:
 - Level 2.4 Dodging
 - Level 2.4 Stealth
 - Level 4.0 Spellcasting
 + Level 13.5 Conjurations
 + Level 13.5 Fire Magic


You had 7 spell levels left.
You knew the following spells:

 Your Spells              Type           Power        Failure   Level
a - Foxfire               Conj/Fire      ####         1%          1
b - Blink                 Tloc           N/A          6%          2
f - Fireball              Conj/Fire      ######....   1%          5
x - Mephitic Cloud        Conj/Pois/Air  ####....     1%          3

Your spell library contained the following spells:

 Spells                   Type           Power        Failure   Level
 Olgreb's Toxic Radiance  Pois           #.......     11%         4
 Magic Dart               Conj           ####         1%          1
 Sandblast                Erth           #.....       1%          1
 Shock                    Conj/Air       ####         1%          1
 Conjure Flame            Conj/Fire      ######..     1%          3
 Inner Flame              Hex/Fire       #####...     1%          3
 Static Discharge         Conj/Air       #####...     1%          3
 Stone Arrow              Conj/Erth      #####.       1%          3
 Sticky Flame             Conj/Fire      ######..     1%          4
 Lightning Bolt           Conj/Air       #####.....   2%          5
 Corona                   Hex            #......      4%          1
 Call Imp                 Summ           #.......     6%          2
 Passwall                 Tmut/Erth      #.......     6%          2
 Slow                     Hex            #.......     6%          2
 Swiftness                Chrm/Air       #.......     6%          2
 Airstrike                Air            #.........   11%         4
 Portal Projectile        Hex/Tloc       #.....       12%         3
 Lee's Rapid Deconstruct  Erth           #.........   26%         5
 Cause Fear               Hex            #.........   34%         4
 Leda's Liquefaction      Hex/Erth       #.........   34%         4
 Petrify                  Tmut/Erth      #.......     34%         4


Dungeon Overview and Level Annotations

Branches:
Dungeon (10/15)            Temple (1/1) D:4            Lair (1/6) D:10
    Orc: D:9-12

Altars:
Ashenzari
Cheibriados
Dithmenos
Elyvilon
Fedhas
Gozag
Hepliaklqana
Kikubaaqudgha
Makhleb
Nemelex Xobeh
Okawaru
Qazlal
Ru
Sif Muna
Trog
Uskayaw
Vehumet
Wu Jian
Xom
Yredelemnul
Zin
The Shining One

Shops:
D:8 (

Portals:
Trove: D:10 (lose all piety)

Annotations:
D:3 3 runed translucent doors, PROmemes27's ghost, weakling MiBe
D:7 1 runed translucent door, kal9871's ghost, novice TrTm
D:10 2 runed translucent doors


Message History

The killer bee buzzes angrily.
As you read the scroll labeled LEC NE VOARAI, it crumbles to dust.
It is a scroll of enchant armour.
Your cursed +0 robe glows green for a moment.
You feel very sick. The killer bee stings you.
* * * LOW HITPOINT WARNING * * *
You are lethally poisoned!
The killer bee poisons you! The killer bee stings you.
* * * LOW HITPOINT WARNING * * *
The killer bee closely misses you. The killer bee stings you.
* * * LOW HITPOINT WARNING * * *
The killer bee barely misses you. x2; The killer bee stings you.
* * * LOW HITPOINT WARNING * * *
The killer bee misses you. The queen bee stings you!
* * * LOW HITPOINT WARNING * * *
That beam is likely to hit you.
Continue anyway?
The ball explodes into a vile cloud!
The stinking cloud engulfs you but does no damage.
The stinking cloud engulfs the killer bee but does no damage. x3
The stinking cloud engulfs the queen bee but does no damage.
The stinking cloud engulfs the killer bee but does no damage. x3
* * * LOW MAGIC WARNING * * *
You are engulfed in noxious fumes.
You choke on the stench!
You are confused.
* * * LOW HITPOINT WARNING * * *
You feel very sick.
The killer bee is engulfed in noxious fumes.
The killer bee appears confused.
The killer bee closely misses the killer bee.
The killer bee completely misses you.
The killer bee is engulfed in noxious fumes.
The killer bee appears confused.
The killer bee misses you.
The killer bee stings you but does no damage.
The killer bee is engulfed in noxious fumes.
The killer bee appears confused.
The killer bee closely misses you. The killer bee barely misses you.
The killer bee is engulfed in noxious fumes.
The killer bee appears confused.
The killer bee closely misses you.
The killer bee is engulfed in noxious fumes.
The killer bee appears confused.
The killer bee stings you.
* * * LOW HITPOINT WARNING * * *
You are more poisoned.
The killer bee poisons you! The killer bee barely misses you.
The killer bee is engulfed in noxious fumes.
The killer bee appears confused.
The killer bee misses the killer bee.
The killer bee closely misses you.
The queen bee calls on the killer bee to defend it!
The killer bee goes berserk!
You're too confused!
Really quaff
g - 2 potions of lignification {!q!q}?
Really quaff the potion of lignification?
You turn into a tree.
Your +0 pair of gloves melds into your body.
Your cursed +1 robe melds into your body.
Your roots penetrate the ground.
You feel less confused.
* * * LOW HITPOINT WARNING * * *
You feel very sick.
The killer bee is engulfed in noxious fumes.
The killer bee appears confused.
The killer bee stings you.
* * * LOW HITPOINT WARNING * * *
You are more poisoned.
The killer bee poisons you!
The killer bee is engulfed in noxious fumes.
The killer bee closely misses the killer bee.
The killer bee misses the killer bee.
The killer bee stings you but does no damage.
The killer bee is engulfed in noxious fumes.
The killer bee barely misses the killer bee.
The killer bee stings you but does no damage.
The killer bee is engulfed in noxious fumes.
The killer bee appears confused.
The killer bee stings you but does no damage.
The killer bee stings you.
* * * LOW HITPOINT WARNING * * *
The killer bee is engulfed in noxious fumes.
The killer bee appears confused.
The killer bee barely misses the queen bee.
The killer bee stings you but does no damage.
The queen bee stings you but does no damage.
* * * LOW HITPOINT WARNING * * *
You feel very sick.
The killer bee is engulfed in noxious fumes.
The killer bee appears confused.
The killer bee stings you but does no damage. x2
The killer bee is engulfed in noxious fumes.
The killer bee appears confused.
The killer bee stings you but does no damage.
The killer bee is engulfed in noxious fumes.
The killer bee appears confused.
The killer bee completely misses you.
The killer bee stings you but does no damage.
The killer bee is engulfed in noxious fumes.
The killer bee stings you but does no damage.
The killer bee is engulfed in noxious fumes.
The killer bee appears confused.
The killer bee stings you but does no damage. x3
The killer bee completely misses you. The queen bee stings you.
* * * LOW HITPOINT WARNING * * *
You die...

###.# ##...#.....................
≈...####..####......###P.........
≈≈≈≈.##...# ####...# ##.......##
≈≈≈≈≈.≈...# #..######..##.##
≈≈≈≈≈≈....# ########.###..###
.≈≈≈≈.(.### #.%.%.%#.......#
>.≈≈≈(.## #y.%.%%#......##
..≈≈≈..# #yyy...#.....#.#
≈≈≈≈≈.## ####y♣yy.%#..††...#
≈≈≈≈..P# #P.#yyy...#........#
≈≈≈≈≈### #..#.....%#y.....#..#
≈.≈..#######..####.###.......#.#
....#.##..##..#..............#..#
.............##.............[. ..
............y##.y.............#
.####.###.Py..#........ ## ###
###...†#


You could see a queen bee and 9 killer bees.

Levels and vault maps discovered:
D:1:      erik_arrival_cave_to_civilisation [erik_arrival_cave_to_temple],
          layout_basic, serial_bayou_lagoon_a
D:2:      layout_rooms
D:3:      kennysheep_the_goblin_king, layout_loops_corners,
          ebering_ghost_rock_garden
D:4:      layout_rooms, minmay_temple_entry_statues_pillars
D:5:      layout_loops_ring, kennysheep_mini, first_ration, dk_noncrumbling_2
D:6:      layout_rooms, fedhas_altar_fruit_tree, uniq_blork_the_orc, uniq_pikel
D:7:      layout_loops_ring, gammafunk_ghost_grave
D:8:      layout_loops_corners, serial_shops, shop, uniq_psyche
D:9:      layout_roguey, uniq_erolcha
D:10:     layout_roguey, erik_lair_island, enter_trove_5,
          hangedman_little_slice_of_home, minmay_guarded_unrand_resistance
Temple:   kilobyte_greek_temple
Lair:1:   layout_cave_pods, special_room [special_room_bee],
          infiniplex_staircase_pool_2, serial_bayou_shore_a

Notes
Turn   | Place    | Note
-------+----------+-------------------------------------------
     0 | D:1      | drasked the Deep Elf Fire Elementalist began the quest for
                  | the Orb.
     0 | D:1      | Reached XP level 1. HP: 10/10 MP: 6/6
   134 | D:1      | Identified a +0 dagger
   166 | D:1      | Reached XP level 2. HP: 13/15 MP: 1/8
   324 | D:1      | Identified a +0 club
   324 | D:1      | Identified a +0 spear
   324 | D:1      | Identified a +0 spear
   324 | D:1      | Identified a +0 club
   324 | D:1      | Identified a +0 dagger
   324 | D:1      | Identified a +0 club
   324 | D:1      | Identified a +0 club
   335 | D:1      | Reached skill level 2 in Conjurations
   354 | D:1      | Identified a +0 whip
   355 | D:1      | Identified a +0 halberd
   355 | D:1      | Identified a +0 robe
   355 | D:1      | Identified a +0 whip
   355 | D:1      | Identified a +0 flail
   939 | D:2      | Identified a +0 pair of gloves (You found it on level 2 of
                  | the Dungeon)
   969 | D:2      | Identified a +0 club
   973 | D:2      | Reached skill level 4 in Fire Magic
   984 | D:2      | Identified a cursed -3 club
   987 | D:2      | Reached XP level 3. HP: 19/19 MP: 3/9
  1041 | D:2      | Identified a +0 dagger
  1198 | D:2      | Identified a +0 short sword
  1627 | D:3      | Reached skill level 3 in Conjurations
  1639 | D:3      | Reached XP level 4. HP: 24/24 MP: 6/10
  1717 | D:3      | Identified a +0 dagger
  1810 | D:3      | Identified a +0 dagger
  1942 | D:3      | Identified a +0 club
  2023 | D:3      | Identified a +0 dagger
  2174 | D:3      | Identified a +0 club
  2913 | D:3      | Identified a +0 club
  2914 | D:3      | Identified a +0 dagger
  2914 | D:3      | Identified a +1 dagger of venom
  2914 | D:3      | Identified a cursed +0 hunting sling
  2923 | D:3      | Reached skill level 5 in Fire Magic
  2950 | D:3      | Identified a cursed -1 club
  3063 | D:3      | Reached XP level 5. HP: 28/28 MP: 9/11
  3088 | D:3      | Found a runed translucent gate.
  3089 | D:3      | Found a runed translucent gate.
  3089 | D:3      | Noticed PROmemes27's ghost (weakling MiBe)
  3090 | D:3      | Found a runed translucent gate.
  3149 | D:3      | Reached skill level 4 in Conjurations
  3234 | D:4      | Identified a +0 giant club
  3234 | D:4      | Noticed an ogre
  3240 | D:3      | Learned a level 2 spell: Blink
  3244 | D:3      | Learned a level 3 spell: Mephitic Cloud
  3276 | D:4      | Identified a +0 giant club
  3276 | D:4      | Noticed an ogre
  3290 | D:3      | Killed an ogre
  3373 | D:4      | Reached skill level 4 in Spellcasting
  3437 | D:3      | HP: 6/28 [worker ant (5)]
  3439 | D:3      | Identified 3 potions of might
  3440 | D:3      | Identified 2 potions of curing
  3741 | D:4      | Killed an ogre
  3741 | D:4      | Reached skill level 5 in Conjurations
  3741 | D:4      | Reached XP level 6. HP: 32/32 MP: 9/14
  3807 | D:4      | Identified a +0 whip
  3807 | D:4      | Identified a +0 chain mail
  3944 | D:4      | Identified a +0 hand axe
  3944 | D:4      | Identified a +0 chain mail
  3978 | D:4      | Identified a cursed +0 robe (You found it on level 4 of the
                  | Dungeon)
  4064 | D:4      | Found a staircase to the Ecumenical Temple.
  4068 | D:4      | Identified a +2 vampiric spear
  4091 | D:4      | Identified a +0 halberd
  4113 | D:4      | HP: 1/32 [gnoll/+0 halberd (15)]
  4432 | Temple   | Entered the Ecumenical Temple
  4598 | Temple   | Became a worshipper of Vehumet
  4752 | D:5      | Entered Level 5 of the Dungeon
  4837 | D:5      | Noticed a sky beast
  4986 | D:5      | Found a basalt altar of Yredelemnul.
  4999 | D:5      | Identified a +0 shortbow
  4999 | D:5      | Identified a +0 robe
  5032 | D:5      | HP: 8/32 [centaur (4)]
  5033 | D:5      | Reached skill level 6 in Conjurations
  5033 | D:5      | Reached skill level 6 in Fire Magic
  5033 | D:5      | Reached XP level 7. HP: 10/36 MP: 6/15
  5257 | D:5      | Learned a level 5 spell: Fireball
  5802 | D:5      | HP: 7/36 [hound (4)]
  5804 | D:5      | HP: 2/36 [hound (5)]
  6150 | D:5      | Identified a +0 shortbow
  6150 | D:5      | Identified an uncursed ring of wizardry
  6168 | D:5      | Identified a +0 short sword
  6168 | D:5      | Identified a +0 leather armour
  6630 | D:5      | Reached skill level 7 in Conjurations
  6630 | D:5      | Reached skill level 7 in Fire Magic
  7032 | D:6      | Identified a +0 whip of flaming
  7032 | D:6      | Identified a +0 robe
  7032 | D:6      | Noticed Pikel
  7234 | D:6      | Reached XP level 8. HP: 39/41 MP: 11/16
  7271 | D:6      | Identified a +0 trident
  7280 | D:6      | Identified a +1 trident of flaming
  7280 | D:6      | Identified a +0 chain mail
  7285 | D:6      | Identified a +0 dagger
  7285 | D:6      | Identified a +0 robe
  7285 | D:6      | Identified a +0 dagger
  7285 | D:6      | Identified a +0 robe
  7285 | D:6      | Identified a +0 dagger
  7285 | D:6      | Identified a +0 scale mail
  7703 | D:6      | Killed Pikel
  7703 | D:6      | Reached skill level 8 in Conjurations
  7703 | D:6      | Reached skill level 8 in Fire Magic
  7818 | D:6      | HP: 8/41 [orc warrior/+1 trident of flaming (25)]
  7824 | D:6      | HP: 2/41 [orc wizard/magic dart (4)]
  8218 | D:6      | Identified a +0 flail
  8218 | D:6      | Identified a +0 robe
  8218 | D:6      | Noticed Blork the orc
  8228 | D:6      | Killed Blork the orc
  8352 | D:6      | Identified a cursed +4 hand axe
  8352 | D:6      | Identified a +0 robe
  8405 | D:6      | Identified a +0 hand axe
  8405 | D:6      | Identified a +0 robe
  8413 | D:6      | Identified a cursed +0 short sword
  8413 | D:6      | Identified a +0 robe
  8472 | D:5      | HP: 10/41 [poisoned by a worker ant]
  8478 | D:5      | HP: 7/41 [poisoned by a worker ant]
  8483 | D:5      | HP: 6/41 [poisoned by a worker ant]
  8490 | D:5      | HP: 5/41 [poisoned by a worker ant]
  8498 | D:5      | HP: 4/41 [poisoned by a worker ant]
  8876 | D:6      | Found a blossoming altar of Fedhas.
  8896 | D:6      | Reached skill level 9 in Conjurations
  8896 | D:6      | Reached skill level 9 in Fire Magic
  8997 | D:6      | Identified a cursed +0 hand axe
  8997 | D:6      | Identified a +0 robe
  9184 | D:6      | Reached XP level 9. HP: 45/45 MP: 12/17
  9328 | D:7      | Identified a +0 hand axe
  9336 | D:6      | HP: 11/45 [hippogriff (6)]
  9668 | D:6      | Identified 4 scrolls of remove curse
  9679 | D:6      | Identified a cursed +0 robe (You found it on level 7 of the
                  | Dungeon)
  9698 | D:7      | Identified a +0 short sword
  9698 | D:7      | Identified a +0 scale mail
  9709 | D:7      | Reached * piety under Vehumet
  9709 | D:7      | Offered knowledge of Freeze by Vehumet.
  9720 | D:7      | You fall into a shaft and drop 1 floor!
  9990 | D:8      | Found Zussys's Antique Weapon Shoppe.
 10014 | D:7      | Identified a +0 dagger
 10014 | D:7      | Identified a +0 robe
 10019 | D:7      | Identified a +0 war axe
 10213 | D:7      | Identified a cursed +1 flail
 10213 | D:7      | Identified a +0 robe
 10213 | D:7      | Identified a +4 long sword
 10213 | D:7      | Identified a +0 robe
 10249 | D:7      | Identified a cursed +3 battleaxe
 10249 | D:7      | Identified a +0 robe
 10490 | D:7      | Identified a +0 giant spiked club
 10499 | D:7      | Reached skill level 10 in Conjurations
 10499 | D:7      | Reached skill level 10 in Fire Magic
 10542 | D:7      | Identified a +0 dagger
 10542 | D:7      | Identified a +0 leather armour
 10546 | D:7      | Identified a +0 short sword
 10552 | D:7      | Identified a +0 dagger
 10552 | D:7      | Identified a +0 robe
 10554 | D:7      | Identified a +0 club
 10660 | D:7      | Found a runed translucent door.
 10664 | D:7      | Noticed kal9871's ghost (novice TrTm)
 10727 | D:7      | HP: 11/45 [poisoned by a scorpion]
 10733 | D:7      | HP: 9/45 [poisoned by a scorpion]
 10738 | D:7      | HP: 8/45 [poisoned by a scorpion]
 10745 | D:7      | HP: 7/45 [poisoned by a scorpion]
 10753 | D:7      | HP: 6/45 [poisoned by a scorpion]
 11258 | D:8      | Identified a +2 dagger of chaos
 11258 | D:8      | Identified a +0 robe
 11258 | D:8      | Noticed Psyche
 11486 | D:8      | Identified a +0 buckler
 11496 | D:8      | Killed Psyche
 11667 | D:8      | Identified a +0 whip
 11667 | D:8      | Identified a +0 shortbow
 11860 | D:8      | Identified a cursed -1 spear
 11860 | D:8      | Identified a +0 spear
 11862 | D:8      | Identified a +2 spear of flaming
 11862 | D:8      | Identified a +0 scale mail
 11862 | D:8      | Identified a +0 buckler
 11974 | D:8      | Identified a +3 dagger
 11974 | D:8      | Identified a cursed -1 robe
 11974 | D:8      | Identified a +0 long sword
 11974 | D:8      | Identified a +0 robe
 11976 | D:8      | Identified a +0 flail
 11976 | D:8      | Identified a +0 robe
 11977 | D:8      | Identified a cursed +0 spear
 11977 | D:8      | Identified a +0 robe
 11977 | D:8      | Identified a cursed +3 great sword
 11977 | D:8      | Identified a +0 robe
 11979 | D:8      | Reached skill level 11 in Conjurations
 11979 | D:8      | Reached skill level 11 in Fire Magic
 12432 | D:9      | Identified a +0 giant club
 12525 | D:9      | Identified a +0 shortbow
 12533 | D:9      | Reached XP level 10. HP: 40/50 MP: 7/18
 12636 | D:9      | Offered knowledge of Searing Ray by Vehumet.
 12637 | D:9      | Reached ** piety under Vehumet
 12639 | D:9      | Identified a cursed +0 trident
 12872 | D:9      | Identified a +0 giant spiked club
 12872 | D:9      | Identified a +0 giant spiked club
 12872 | D:9      | Noticed a two-headed ogre
 12884 | D:9      | Killed a two-headed ogre
 13165 | D:9      | Identified a +4 giant spiked club
 13165 | D:9      | Identified a +0 robe
 13165 | D:9      | Noticed Erolcha
 13199 | D:9      | Identified a +4 shortbow
 13571 | D:9      | Identified 6 scrolls of teleportation
 13572 | D:9      | Identified 4 scrolls of identify
 13572 | D:9      | Identified 2 potions of flight
 13573 | D:9      | Identified 2 potions of lignification
 13574 | D:9      | Identified 2 potions of berserk rage
 13575 | D:9      | Identified a potion of brilliance
 13604 | D:10     | Entered Level 10 of the Dungeon
 13616 | D:10     | Reached skill level 12 in Conjurations
 13616 | D:10     | Reached skill level 12 in Fire Magic
 13619 | D:10     | Identified a +0 troll leather armour
 13825 | D:10     | Identified a +0 giant club
 13848 | D:10     | Identified a +0 shortbow
 14074 | D:10     | Noticed a fire dragon
 14075 | D:10     | Found a runed translucent door.
 14075 | D:10     | Noticed an ice dragon
 14076 | D:10     | Found the +2 shield of Resistance {rF+ rC+ MR+}
 14076 | D:10     | Noticed a fire dragon
 14076 | D:10     | Noticed an ice dragon
 14102 | D:10     | Identified a +0 broad axe
 14102 | D:10     | Identified a +0 plate armour
 14102 | D:10     | Noticed a vault guard
 14294 | D:9      | Killed Erolcha
 14294 | D:9      | Offered knowledge of Ignite Poison by Vehumet.
 14978 | D:10     | Identified a +0 whip
 14979 | D:10     | Identified a +0 whip
 14979 | D:10     | Identified a +1 scale mail of cold resistance
 14979 | D:10     | Identified a +0 dagger
 14979 | D:10     | Identified a +0 robe
 14980 | D:10     | Identified a +0 short sword
 14980 | D:10     | Identified a +0 ring mail
 15037 | D:10     | Identified a +0 giant spiked club
 15120 | D:10     | Identified a cursed +0 flail
 15120 | D:10     | Identified a +0 robe
 15120 | D:10     | Identified a +0 spear
 15120 | D:10     | Identified a +0 robe
 15120 | D:10     | Identified a +2 dagger
 15120 | D:10     | Identified a +0 robe
 15121 | D:10     | Identified a +0 battleaxe
 15121 | D:10     | Identified a +0 robe
 15128 | D:10     | Reached *** piety under Vehumet
 15181 | D:10     | Reached XP level 11. HP: 54/54 MP: 2/19
 15310 | D:10     | Killed an unseen horror
 15310 | D:10     | Reached skill level 13 in Conjurations
 15310 | D:10     | Reached skill level 13 in Fire Magic
 15506 | D:10     | Found a staircase to the Lair.
 15527 | D:10     | Found a runed translucent door.
 15766 | D:10     | Killed a vault guard
 15938 | D:10     | Found a portal to a secret trove of treasure.
 15997 | D:10     | Identified a potion of stabbing
 15998 | D:10     | Identified a potion of cancellation
 16016 | Lair:1   | Entered Level 1 of the Lair of Beasts
 16030 | Lair:1   | Identified a ring of protection from cold (You found it on
                  | level 1 of the Lair of Beasts)
 16179 | Lair:1   | Noticed a five-headed hydra
 16188 | Lair:1   | Killed a five-headed hydra
 16329 | Lair:1   | HP: 7/54 [killer bee (8)]
 16333 | Lair:1   | HP: 2/54 [killer bee (3)]
 16943 | Lair:1   | Offered knowledge of Olgreb's Toxic Radiance by Vehumet.
 16951 | Lair:1   | Identified 4 scrolls of enchant armour
 16952 | Lair:1   | HP: 12/54 [poisoned by a killer bee]
 16954 | Lair:1   | HP: 3/81 [poisoned by a killer bee]
 16954 | Lair:1   | HP: 1/81 [queen bee (2)]
 16955 | Lair:1   | Succumbed to a killer bee's poison

Table legend:
 A = Turns spent in this place as a percentage of turns spent in the entire game.
 B = Non-inter-level travel turns spent in this place as a percentage of non-inter-level travel turns spent in the entire game.
 C = Inter-level travel turns spent in this place as a percentage of turns spent in this place.
 D = Turns resting spent in this place as a percentage of non-inter-level travel turns spent in this place.
 E = Turns spent auto-exploring this place as a percentage of non-inter-level travel turns spent in this place.
 F = Non-inter-level travel turns spent in this place divided by the number of levels of this place that you've seen.
                   A       B       C       D       E      F
               +-------+-------+-------+-------+-------+----------------------
         Total | 100.0 | 100.0 |   5.5 |  52.0 |  31.7 | 1335.8
       Dungeon |  94.9 |  94.9 |   5.4 |  53.8 |  30.0 | 1521.8
        Temple |   1.2 |   0.9 |  30.3 |   0.0 |  83.6 | 140.0
          Lair |   4.0 |   4.2 |   0.0 |  23.4 |  60.5 | 671.0
               +-------+-------+-------+-------+-------+----------------------

Table legend:
 A = Kills in this place as a percentage of kills in entire the game.
 B = Kills by you in this place as a percentage of kills by you in the entire game.
 C = Kills by friends in this place as a percentage of kills by friends in the entire game.
 D = Other kills in this place as a percentage of other kills in the entire game.
 E = Experience gained in this place as a percentage of experience gained in the entire game.
 F = Experience gained in this place divided by the number of levels of this place that you have seen.
                   A       B       C       D       E      F
               +-------+-------+-------+-------+-------+----------------------
         Total | 100.0 | 100.0 |   N/A | 100.0 | 100.0 | 1244.2
       Dungeon |  93.9 |  93.8 |   N/A | 100.0 |  86.0 | 1284.7
          Lair |   6.1 |   6.2 |   N/A |   0.0 |  14.0 | 2083.0
               +-------+-------+-------+-------+-------+----------------------

Skill      XL: |  1  2  3  4  5  6  7  8  9 10 11 |
---------------+----------------------------------+-----
Conjurations   | 2 3 5 6 7 9 11 12 13 | 13.5
Fire Magic     | 4 5 6 7 9 11 12 13 | 13.5
Spellcasting   | 4 |  4.0
Dodging        | |  2.4
Stealth        | |  2.4

Action                   |  1- 3 |  4- 6 |  7- 9 | 10-12 || total
-------------------------+-------+-------+-------+-------++-------
Melee: Whip              |       |       |       |    16 ||    16
 Cast: Foxfire           |    66 |   124 |   220 |    41 ||   451
       Blink             |       |     2 |       |       ||     2
       Mephitic Cloud    |       |     1 |     3 |     8 ||    12
       Fireball          |       |       |    28 |    72 ||   100
  Use: Potion            |       |     3 |       |     2 ||     5
       Scroll            |       |       |     1 |     8 ||     9
  Eat: Ration            |     1 |     3 |     7 |     3 ||    14
Armor: Robe              |       |    19 |    17 |     3 ||    39
       Skin              |       |       |       |    13 ||    13
Dodge: Dodged            |    11 |    74 |   107 |    40 ||   232

Vanquished Creatures
  Erolcha (D:9)
  A vault guard (D:10)
  A hydra (Lair:1)
  A two-headed ogre (D:9)
  An unseen horror (D:10)
  Pikel (D:6)
  Psyche (D:8)
  A troll (D:10)
  3 hippogriffs
  A wyvern (D:9)
  4 yaks (D:9)
  A sky beast (D:5)
  An orc warrior (D:6)
  2 phantoms
  An eye of draining (D:10)
  6 ogres
  6 centaurs
  2 wolves (D:10)
  2 crocodiles
  4 lemures
  Blork the orc (D:6)
  5 bullfrogs
  A gnoll sergeant (D:8)
  3 scorpions
  17 killer bees
  16 wights
  2 electric eels (D:10)
  A bullfrog zombie (D:8)
  A centaur zombie (D:7)
  A quasit (D:9)
  9 hounds
  4 jellies (D:10)
  4 iguanas
  5 orc wizards
  6 worker ants
  A hound zombie (D:6)
  A hound skeleton (D:10)
  7 gnolls
  12 adders
  2 ufetubi
  6 oozes
  An adder zombie (D:9)
  2 adder skeletons
  4 worms
  3 dart slugs
  7 leopard geckos
  16 orcs
  12 giant cockroaches
  13 goblins
  9 hobgoblins
  8 jackals
  11 quokkas
  3 ball pythons
  A ball python skeleton (D:4)
  8 bats
  3 frilled lizards
  6 kobolds
  A leopard gecko skeleton (D:5)
  2 quokka skeletons (D:4)
  9 rats
  A plant (Lair:1)
266 creatures vanquished.

Vanquished Creatures (others)
  749 foxfires
  2 withered plants (D:7)
751 creatures vanquished.

Grand Total: 1017 creatures vanquished
